 Dungeon Crawl Stone Soup version 0.29-a0-322-g68df515428 (webtiles) character file.

Game seed: 17335433698188794500

16 Hubjo the Ducker (level 2, -4/16 HPs)
             Began as a Deep Elf Wanderer on Apr 6, 2022.
             Was a Follower of Okawaru.
             Slain by a gnoll
             ... wielding a +0 vampiric spear
              (7 damage)
             ... on level 1 of the Dungeon.
             The game lasted 00:02:22 (1462 turns).

Hubjo the Ducker (Deep Elf Wanderer)                Turns: 1462, Time: 00:02:23

Health: -4/16      AC:  3    Str:  8    XL:     2   Next: 37%
Magic:  6/6        EV: 13    Int: 18    God:    Okawaru [*.....]
Gold:   33         SH:  0    Dex: 13    Spells: 3/4 levels left

rFire   . . .      SeeInvis .   f - staff of earth
rCold   . . .      Faith    .   (no shield)
rNeg    . . .      Spirit   .   d - +0 robe
rPois   .          Reflect  .   (no helmet)
rElec   .          Harm     .   (no cloak)
rCorr   .          Rampage  .   b - +0 pair of gloves
Will    .....                   (no boots)
Stlth   ++........              (no amulet)
HPRegen 0.05/turn               (no ring)
MPRegen 0.10/turn               (no ring)

@: no status effects
A: no striking features
a: Renounce Religion, Heroism


You were on level 1 of the Dungeon.
You worshipped Okawaru.
Okawaru was aware of your devotion.
You visited 1 branch of the dungeon, and saw 1 of its levels.

You collected 33 gold pieces.

Inventory:

Hand Weapons
 a - a +2 shortbow
Armour
 b - a +0 pair of gloves (worn)
 d - a +0 robe (worn)
Magical Staves
 f - a staff of earth (weapon)
Scrolls
 c - 2 scrolls of teleportation
 g - a scroll of identify {unknown}
 j - a scroll of vulnerability {unknown}
Potions
 e - a potion of curing {unknown}
 h - a potion of mutation {unknown}
 i - a potion of magic {unknown}


   Skills:
 * Level 0.6 Fighting
 - Level 2.6 Bows
 - Level 1.0 Armour
 + Level 3.8 Dodging
 * Level 1.3 Stealth
 + Level 1.7 Spellcasting
 - Level 2.2 Translocations
 + Level 0.4 Earth Magic
 + Level 1.2 Evocations


You had 3 spell levels left.
You knew the following spells:

 Your Spells              Type           Power      Damage    Failure   Level
a - Apportation           Tloc           18%        N/A       8%          1

Your spell library contained the following spells:

 Spells                   Type           Power      Damage    Failure   Level
 Lesser Beckoning         Tloc           9%         N/A       22%         3


Dungeon Overview and Level Annotations

Branches:
Dungeon (1/15)

Altars:
Okawaru


Message History

No target in view!
No target in view!
No target in view!
No target in view!
Things that are here:
a +0 short sword; a kobold corpse A gnoll comes into view.
It is wielding a +0 vampiric spear.
The gnoll shouts!
You hear an angry hiss.
You hear a shout!
A ball python comes into view.
A kobold comes into view. It is wielding a +0 club.
The ball python attacks as you move away!
The ball python bites you but does no damage.
The ball python misses you.
The ball python attacks as you move away!
The ball python misses you. The ball python closely misses you.
The ball python closely misses you. The ball python barely misses you.
The ball python bites you but does no damage.
The ball python closely misses you.
The ball python attacks as you move away!
The ball python barely misses you. x2
You hit the ball python.
You kill the ball python!
Okawaru accepts your kill. The gnoll barely misses you.
You see here a ball python corpse.
You closely miss the gnoll.
The gnoll hits you with a +0 vampiric spear.
The gnoll barely misses you.
You barely miss the gnoll.
The gnoll hits you with a +0 vampiric spear.
You barely miss the gnoll. The gnoll closely misses you.
You closely miss the gnoll. The gnoll hits you but does no damage.
You hit the gnoll but do no damage.
The gnoll hits you with a +0 vampiric spear!
* * * LOW HITPOINT WARNING * * *
You hit the gnoll but do no damage.
The gnoll hits you with a +0 vampiric spear.
* * * LOW HITPOINT WARNING * * *
The gnoll hits you with a +0 vampiric spear!
You die...

#... #..# ### #.[#
# #.#.# #. ..##.#
.### ### #.# ..#
#.# # #.# #. #. #.#
# #.# #@# #.....
### #g# .
#...#.##.###K# #
#.......#.##.######
..................#
##..#........)..#.#
####..#...#.#.#
#..#...#.#.#
#..#...#.#.##


You could see a gnoll and a kobold.

Vanquished Creatures
  2 bats (D:1)
  2 endoplasms (D:1)
  2 giant cockroaches (D:1)
  A hobgoblin (D:1)
  4 ball pythons (D:1)
  3 kobolds (D:1)
14 creatures vanquished.

Notes
Turn   | Place    | Note
-------+----------+-------------------------------------------
     0 | D:1      | Hubjo the Deep Elf Wanderer began the quest for the Orb.
     0 | D:1      | Hubjo set off with the following items: a +2 shortbow, a +0
                  | pair of gloves, a scroll of teleportation, a +0 robe; and
                  | the following spell memorised: Apportation; and the
                  | following spells available to memorise: Lesser Beckoning
     0 | D:1      | Reached XP level 1. HP: 10/10 MP: 5/5
   674 | D:1      | Reached skill level 1 in Stealth
   679 | D:1      | Reached XP level 2. HP: 5/16 MP: 6/6
  1154 | D:1      | Found a faded altar of an unknown god.
  1200 | D:1      | Prayed at the altar of an unknown god.
  1200 | D:1      | Became a worshipper of Warmaster Okawaru
  1200 | D:1      | Reached * piety under Okawaru
  1462 | D:1      | Slain by a gnoll

Illustrated notes

Levels and vault maps discovered:
D:1:      dpeg_arrival_windows_large_door, layout_loops_ring,
          shapermc_ecumenical_altar_mp_vishouse

Skill      XL: |  1 |
---------------+----+-----
Stealth        | 1 |  1.3
Fighting       | |  0.6
Bows           | |  2.6
Armour         | |  1.0
Dodging        | |  3.8
Spellcasting   | |  1.7
Translocations | |  2.2
Earth Magic    | |  0.4
Evocations     | |  1.2

Action                   || total
-------------------------++-------
Melee: Staff             ||    62
 Fire: Shortbow          ||     3
 Stab: Sleeping          ||     1
Armor: Robe              ||    22
Dodge: Dodged            ||    46

Table legend: (Time is in decaauts)
 A = Elapsed time spent in this place.
 B = Non-inter-level travel time spent in this place.
 C = Inter-level travel time spent in this place.
 D = Time resting spent in this place.
 E = Time spent auto-exploring this place.
 F = Levels seen in this place.
 G = Mean time per level.
                   A        B        C        D        E       F      G
               +--------+--------+--------+--------+--------+-----+--------+
         Total |   1474 |   1453 |     21 |      0 |   1276 |   1 | 1474.0 |
       Dungeon |   1474 |   1453 |     21 |      0 |   1276 |   1 | 1474.0 |
               +--------+--------+--------+--------+--------+-----+--------+

Top non-repeatable levels by time:
     D:1: 1474 daAuts
